 Dungeon Crawl Stone Soup version 0.30-a0-174-gbc10bd73c2 (webtiles) character file.

Game seed: 2104316873530927332

17 qw the Shield-Bearer (level 2, -3/19 HPs)
             Began as a Gargoyle Fighter on Oct 1, 2022.
             Slain by Natasha (6 damage)
             ... on level 2 of the Dungeon.
             The game lasted 00:00:18 (1251 turns).

qw the Shield-Bearer (Gargoyle Fighter)             Turns: 1251, Time: 00:00:19

Health: -3/19      AC: 16    Str: 19    XL:     2   Next: 62%
Magic:  2/2        EV:  5    Int:  8    God:
Gold:   15         SH: 11    Dex:  9    Spells: 1/1 levels left

rFire   . . .      SeeInvis .    Y - +0 war axe
rCold   . . .      Faith    .    e - +0 tower shield
rNeg    + . .      Spirit   .    b - +0 scale mail
rPois   inf        Reflect  .    (no helmet)
rElec   +          Harm     .    o - +2 cloak
rCorr   .          Rampage  .    (no gloves)
Will    .....                    (no boots)
Stlth   ..........               (no amulet)
HPRegen 0.23/turn                h - +4 ring of protection
MPRegen 0.08/turn                (no ring)

@: slowed, very slow
A: sickness immunity, AC +2, negative energy resistance 1, electricity
resistance, torment resistance 1, petrification resistance
a: no special abilities


You were on level 2 of the Dungeon.
You visited 1 branch of the dungeon, and saw 2 of its levels.

You collected 15 gold pieces.


Innate Abilities, Weirdness & Mutations

You are immune to sickness and miasma.
Your stone body is resilient. (AC +2)
You are immune to poison.
You resist negative energy. (rN+)
You are resistant to electric shocks. (rElec)
You are resistant to unholy torment.
You are immune to petrification.


   Skills:
 - Level 3.2 Fighting
 - Level 2.5 Axes
 - Level 3.2 Armour
 + Level 3.6 Shields


You had one spell level left.
You didn't know any spells.
Your spell library was empty.

Inventory:

Hand Weapons
 m - a +0 whip
 Y - a +0 war axe (weapon)
Armour
 b - a +0 scale mail (worn)
 e - a +0 tower shield (worn)
 o - a +2 cloak (worn)
Jewellery
 h - a +4 ring of protection (left hand)
Scrolls
 a - a scroll of fear {unknown}
 c - 3 scrolls of enchant armour {unknown}
 k - a scroll of poison {unknown}
 p - a scroll of vulnerability {unknown}
Potions
 d - a potion of might
 f - a potion of flight {unknown}
 g - a potion of brilliance {unknown}
 i - a potion of resistance {unknown}
 j - a potion of degeneration {unknown}
 l - a potion of berserk rage {unknown}
 n - a potion of mutation {unknown}

Dungeon Overview and Level Annotations

Branches:
Dungeon (2/15)

Altars:

Annotations:
D:2 Natasha


Message History

Natasha stares at you and mumbles some strange words.
The magic dart hits you. Natasha claws you but does no damage.
You slash Natasha!
Natasha is almost dead.
Natasha claws you but does no damage. Natasha claws you!
You block Natasha's attack.
You barely miss Natasha.
Natasha is almost dead.
Natasha casts a spell.
Natasha mumbles some strange words.
You barely miss Natasha.
Natasha is almost dead.
Natasha barely misses you. x2; Natasha claws you!
You closely miss Natasha.
Natasha is almost dead.
You hit the shadow imp but do no damage.
The shadow imp gestures at you.
You barely resist. You block Natasha's attack.
You block the shadow imp's attack.
Natasha casts a spell.
The shadow imp hits you but does no damage.
Natasha claws you but does no damage.
You closely miss Natasha.
Natasha is almost dead.
You hit the shadow imp. You block the shadow imp's attack.
Natasha casts a spell at you.
You feel as though you will be slow longer.
The shadow imp hits you but does no damage.
Natasha claws you but does no damage. You block the shadow imp's attack.
You barely miss Natasha.
Natasha is almost dead.
You hit the shadow imp but do no damage.
The shadow imp disappears in a puff of smoke!
Natasha stares at you and mumbles some strange words.
You feel as though you will be slow longer.
Natasha claws you but does no damage. You block Natasha's attack.
You closely miss Natasha.
Natasha is almost dead.
Natasha barely misses you. Natasha claws you.
You die...

#.###.. ......##.......#
##.#.####
##.#####.......# #.###.#
##+## #.......# ##.#.##
##...## ###...### ##.##
##.....## #...# ##..#
##.......## ##..#
#...####.........####...
.......'.........h5..>...
#...####........@#.##...
##..# ##.......## # ##.#
##.....## #.# ##...## #.#
##+## ... .#.


You could see Natasha and a crimson imp (summoned).

Vanquished Creatures
  A worm (D:2)
  A bat (D:2)
  An endoplasm (D:1)
  A giant cockroach (D:2)
  2 goblins (D:1)
  2 kobolds
  2 ball pythons
  4 rats
14 creatures vanquished.

Notes
Turn   | Place    | Note
-------+----------+-------------------------------------------
     0 | D:1      | qw the Gargoyle Fighter began the quest for the Orb.
     0 | D:1      | Reached XP level 1. HP: 14/14 MP: 1/1
     0 | D:1      | 0 ||| qw: Version: 0.2-a-13-gfc7b4b4
     0 | D:1      | 0 ||| qw: Game counter: 1885
     0 | D:1      | 0 ||| qw: Always use a shield: true
     0 | D:1      | 0 ||| qw: God list: Okawaru
     0 | D:1      | 0 ||| qw: Allow faded altars: false
     0 | D:1      | 0 ||| qw: Do Orc after D:15 true
     0 | D:1      | 0 ||| qw: Do second Lair branch before Depths: true
     0 | D:1      | 0 ||| qw: Lair rune preference: random
     0 | D:1      | 0 ||| qw: Plans: Normal, Zot:1-4, God:TSO, Crypt, Tomb,
                  | Pan, Slime:5, Hells, Abyss, Orb
     0 | D:1      | 0 ||| PLANNING D:1-11
    93 | D:1      | Found a faded altar of an unknown god.
   290 | D:1      | 290 ||| Stepping ~*~*~tactically~*~*~ (stealth).
   304 | D:1      | Reached XP level 2. HP: 19/19 MP: 2/2
   306 | D:1      | 306 ||| DROPPING +0 club.
   853 | D:1      | 853 ||| UPGRADING to +0 tower shield.
   863 | D:1      | 863 ||| DROPPING +0 buckler.
   864 | D:1      | 864 ||| UPGRADING to +2 cloak.
   869 | D:1      | 869 ||| UPGRADING to +4 ring of protection.
   870 | D:1      | 870 ||| READING scroll labelled OMAALU KEYN.
  1238 | D:2      | Noticed Natasha
  1239 | D:2      | 1239 ||| Stepping ~*~*~tactically~*~*~ (hiding).
  1240 | D:2      | 1240 ||| Stepping ~*~*~tactically~*~*~ (hiding).
  1247 | D:2      | HP: 1/19 [Natasha (7)]
  1250 | D:2      | Noticed a crimson imp
  1251 | D:2      | Slain by Natasha

Levels and vault maps discovered:
D:1:      dpeg_arrival_water_fire, layout_loops_ring,
          hellmonk_ecumenical_altar_crossroads,
          amcnicky_mini_rare_corridor_liquid
D:2:      layout_loops_corners, basic_altar, uniq_natasha

Skill      XL: |  1 |
---------------+----+-----
Axes           | 2 |  2.5
Fighting       | |  3.2
Armour         | |  3.2
Shields        | |  3.6

Action                   || total
-------------------------++-------
Melee: War axe           ||    53
  Use: Scroll            ||     1
Armor: Scale mail        ||    24
Dodge: Dodged            ||    18
Block: Buckler           ||     1
       Tower shield      ||    15

Table legend:
 A = Non-vault XP
 B = Vault XP
 C = Vault XP percentage of total XP
 D = Non-vault monster count
 E = Vault monster count
 F = Vault count percentage of total count
                 A         B        C        D         E       F
            +---------+---------+-------+---------+---------+-------
      Total |      25 |       0 |   0.0 |      14 |       0 |   0.0
            +---------+---------+-------+---------+---------+-------
        D:1 |      12 |       0 |   0.0 |       8 |       0 |   0.0
        D:2 |      13 |       0 |   0.0 |       6 |       0 |   0.0
            +---------+---------+-------+---------+---------+-------
